 Dungeon Crawl Stone Soup version 0.28.0-53-g5a82cb258f (webtiles) character file.

Game seed: 1873314205670438799

20120 rabbi the Eclecticist (level 12, -5/61 HPs)
             Began as a Deep Elf Hedge Wizard on June 25, 2022.
             Was a Priest of Qazlal.
             Killed from afar by a hell hog (41 damage)
             ... with a fireball
             ... in a Gauntlet on June 26, 2022.
             The game lasted 03:57:28 (25626 turns).

rabbi the Eclecticist (Deep Elf Hedge Wizard)      Turns: 25626, Time: 03:57:29

Health: -5/61      AC: 12    Str: 10    XL:     12   Next: 42%
Magic:  19/37      EV: 17    Int: 25    God:    Qazlal [***...]
Gold:   568        SH:  8    Dex: 14    Spells: 19/49 levels left

rFire   . . .      SeeInvis +   e - +2 dagger (venom)
rCold   . . .      Faith    .   (no shield)
rNeg    . . .      Spirit   .   L - +3 troll leather armour {Snorg}
rPois   .          Reflect  +   l - +2 hat {SInv}
rElec   .          Harm     .   N - +0 cloak of Doavo {Rampage Str+3}
rCorr   .          Rampage  +   (no gloves)
Will    +....      NoTele   +   d - +1 pair of boots
Stlth   ++........              v - amulet of reflection
HPRegen 1.00/turn               h - ring of wizardry
MPRegen 0.25/turn               M - +4 ring of evasion

@: studying Spellcasting
A: no striking features
a: Renounce Religion, Upheaval, Elemental Force


You were in a Gauntlet.
You worshipped Qazlal.
Qazlal was most pleased with you.
You visited 2 branches of the dungeon, and saw 12 of its levels.
You also visited: Gauntlet.

You collected 568 gold pieces.

Inventory:

Hand Weapons
 e - a +2 dagger of venom (weapon)
 s - a +0 dagger of freezing
Missiles
 k - 35 poisoned darts
 n - a throwing net
Armour
 d - a +1 pair of boots (worn)
 g - a +2 robe of willpower
 l - a +2 hat of see invisible (worn)
 L - a +3 troll leather armour (worn) {Snorg}
 N - the +0 cloak of Doavo (worn) {Rampage Str+3}
   (You found it in a Gauntlet)

   Str:       It affects your strength (+3).
   Rampage:   It bestows one free step when moving towards enemies.
 O - a scarf of shadows
Magical Staves
 o - a staff of cold
Jewellery
 b - an amulet of faith
 c - the dreamshard necklace {*Dream Drain}
   (You took it off an orc wizard on level 9 of the Dungeon)

   [amulet of nothing]

   It shatters if its wearer takes lethal or near-lethal damage, preventing the
   blow and releasing protective dreams that heal and fight for the wearer.
   Drain:     It drains your maximum health when unequipped.
 h - a ring of wizardry (left hand)
 v - an amulet of reflection (around neck)
 B - an amulet of the acrobat
 C - a ring of protection from cold
 G - an amulet of guardian spirit
 M - a +4 ring of evasion (right hand)
 P - a +6 ring of dexterity
Wands
 w - a wand of charming (7)
 x - a wand of paralysis (16)
 D - a wand of acid (5)
 F - a wand of flame (11)
Scrolls
 a - 3 scrolls of amnesia
 i - a scroll of summoning {unknown}
 p - a scroll of noise {unknown}
 q - 4 scrolls of teleportation
 r - a scroll of vulnerability
 y - a scroll of torment {unknown}
 z - a scroll of silence {unknown}
 A - a scroll of magic mapping
 E - a scroll of holy word {unknown}
Potions
 f - 3 potions of magic
 j - a potion of resistance
 m - a potion of brilliance {unknown}
 t - a potion of might {unknown}
 u - a potion of lignification {unknown}
 I - a potion of attraction {unknown}
 J - a potion of cancellation {unknown}
 K - a potion of ambrosia {unknown}


   Skills:
 + Level 1.5 Fighting
 + Level 0.2 Short Blades
 + Level 2.1 Armour
 + Level 5.2 Dodging
 + Level 5.0 Stealth
 + Level 2.3 Shields
 + Level 19.1 Spellcasting
 + Level 10.9 Conjurations
 + Level 7.3 Hexes
 + Level 6.1 Summonings
 + Level 5.7 Translocations
 + Level 2.5 Fire Magic
 + Level 1.2 Air Magic
 + Level 1.8 Poison Magic
 + Level 0.3 Evocations


You had 19 spell levels left.
You knew the following spells:

 Your Spells              Type           Power      Damage    Failure   Level
a - Magic Dart            Conj           100%       1d8       1%          1
b - Call Imp              Summ           53%        N/A       1%          2
c - Mephitic Cloud        Conj/Pois/Air  47%        N/A       1%          3
d - Blink                 Tloc           100%       N/A       1%          2
e - Slow                  Hex            100%       N/A       1%          1
f - Teleport Other        Tloc           51%        N/A       1%          3
g - Cause Fear            Hex            28%        N/A       1%          4
h - Conjure Flame         Conj/Fire      55%        6-21      1%          3
i - Gell's Gravitas       Tloc           51%        N/A       1%          3
j - Iskenderun's Mystic   Conj/Tloc      60%        2d13      1%          4
k - Fulminant Prism       Conj/Hex       31%        3d16      1%          4

Your spell library contained the following spells:

 Spells                   Type           Power      Damage    Failure   Level
 Lesser Beckoning         Tloc           51%        N/A       1%          3
 Lee's Rapid Deconstruct  Erth           11%        3d9*      26%         5
 Dragon Form              Tmut           11%        N/A       100%        7
 Dragon's Call            Summ           26%        N/A       100%        9


Dungeon Overview and Level Annotations

Branches:
Dungeon (11/15)            Temple (1/1) D:7         Gauntlet (1/1)
   Lair: D:8-11         Orc: D:9-12

Altars:
Gozag
Hepliaklqana
Kikubaaqudgha
Nemelex Xobeh
Okawaru
Qazlal
Trog
Uskayaw
Xom
Yredelemnul
The Shining One

Shops:
D:4 (

Annotations:
Gauntlet 1 transporter, exclusion: oklob plant


Message History

The hell hound enters a dispersal trap!
You blink.
The hell hound blinks!
The hell hog breathes fire at you.
The fireball explodes!
The fireball engulfs you!!
* * * LOW HITPOINT WARNING * * *
You feel much better.
Casting: Iskenderun's Mystic Blast (safe; 1% risk of failure)
Confirm with . or Enter, or press ? or * to list all spells.
You erupt in a blast of force!
The mystic blast hits the hell hog!
The hell hog is moderately wounded.
The hell hog is knocked back by the mystic blast.
Really walk into that dispersal trap?
You enter a dispersal trap!
The hell hound blinks! x2; You blink.
The hell hound breathes flames at you. The blast of flame hits you!
You see here a scroll of teleportation.
q - 4 scrolls of teleportation (gained 1)
The hell hog enters a dispersal trap!
The hell hound blinks!
You blink.
You enter a dispersal trap!
The hell hound blinks!
The hell hog blinks!
You blink.
The hell hog blinks!
The hell hog breathes fire at you.
The fireball explodes!
The fireball engulfs you!
Really walk into that dispersal trap?
You enter a dispersal trap!
The hell hog blinks!
The hell hog enters a dispersal trap!
You blink.
The hell hog blinks!
You blink.
The hell hog enters a dispersal trap!
You blink.
Really walk into that dispersal trap?
You enter a dispersal trap!
The hell hog blinks!
You blink.
The hell hog bites you. The hell hog breathes fire at you.
The fireball explodes!
The fireball engulfs you!!
* * * LOW HITPOINT WARNING * * *
There is a transporter here.
You enter the transporter and appear at another place.
The hell hog closely misses you.
Found a scroll of magic mapping.
You feel much better. You block the hell hog's attack.
The hell hog breathes fire at you.
The fireball explodes!
The fireball engulfs you!!!
Ouch! That really hurt!
You die...

#8#..#.#######^#...#2P
###..#.^.....^h#...#....
#..#...$§....#...#..?.
#..###########...#####
#8#.....................
###§............≈∩≈.....
######################
#8 #≈.............. ##
#8.8.8.○@.©..8.8
#≈......h○......
##.#.#######.#. #


You could see a hell hog (catching breath) and a hell hound.

Vanquished Creatures
  Gastronok (D:8)
  Snorg (D:10)
  Josephine (D:10)
  A hydra (D:11)
  The ghost of StoopidFlanders the Grappler, a novice TrWr of Dithmenos (D:9)
  7 two-headed ogres
  The ghost of unlimited1921 the Thaumaturge, a novice DjFE of Gozag (D:6)
  A deep elf pyromancer (D:10)
  A manticore (D:9)
  A torpor snail (Gauntlet)
  A gargoyle (D:10)
  A kobold demonologist (D:10)
  An unseen horror (D:8)
  A komodo dragon (D:10)
  Psyche (D:10)
  A troll (D:10)
  2 hornets (D:8)
  A slime creature (D:9)
  5 wraiths (D:10)
  A shadow (D:11)
  13 yaks
  Eustachio (D:6)
  4 fire bats (Gauntlet)
  Grum (D:10)
  3 wyverns
  A steam dragon (D:8)
  2 chaos spawn (D:9)
  4 orc warriors
  2 necrophages (D:6)
  A sky beast (D:5)
  An ice beast (D:8)
  8 wolves
  A centaur (D:7)
  2 phantoms
  4 kobold brigands
  2 scorpions
  A gnoll sergeant (D:9)
  4 killer bees (D:10)
  7 wights
  2 crimson imps (Gauntlet)
  A centaur zombie (D:9)
  2 hounds
  10 jellies
  An iguana (D:7)
  2 orc priests
  11 orc wizards
  A hound skeleton (D:4)
  3 howler monkey zombies
  6 gnolls
  2 adders
  A howler monkey skeleton (D:5)
  An ufetubus (D:6)
  A dart slug (D:3)
  35 orcs
  6 ball pythons
  17 endoplasms
  2 giant cockroaches
  7 goblins
  4 hobgoblins
  4 jackals (D:1)
  25 kobolds
  A quokka (D:1)
  9 bats
  3 frilled lizards
  5 rats
255 creatures vanquished.

Vanquished Creatures (collateral kills)
  A sky beast (D:5)
  A black bear (D:4)
  3 wights
  2 centaur zombies
  An orc priest (D:7)
  A centaur skeleton (D:5)
  A gnoll shaman (D:4)
  A bullfrog skeleton (D:5)
  3 orc wizards
  2 killer bee zombies
  4 gnolls
  An adder (D:2)
  A shadow imp (D:7)
  2 worms
  2 dart slugs
  4 orcs (D:3)
  An endoplasm (D:2)
  4 giant cockroaches
  3 goblins
  4 hobgoblins
  2 kobolds
  A bat (D:1)
  A frilled lizard (D:3)
  A rat (D:1)
47 creatures vanquished.

Vanquished Creatures (others)
  19 demonic plants (Gauntlet)
  89 fulminant prisms
  4 fungi (D:9)
112 creatures vanquished.

Grand Total: 414 creatures vanquished

Notes
Turn   | Place    | Note
-------+----------+-------------------------------------------
     0 | D:1      | rabbi the Deep Elf Hedge Wizard began the quest for the
                  | Orb.
     0 | D:1      | Reached XP level 1. HP: 10/10 MP: 7/7
     2 | D:1      | Learned a level 1 spell: Slow
   365 | D:1      | Reached XP level 2. HP: 15/15 MP: 6/9
   458 | D:1      | Reached skill level 5 in Spellcasting
   600 | D:1      | Learned a level 2 spell: Call Imp
   703 | D:1      | Reached XP level 3. HP: 19/19 MP: 2/11
  1205 | D:2      | Learned a level 3 spell: Mephitic Cloud
  1813 | D:2      | Found a faded altar of an unknown god.
  1824 | D:2      | Found a bloodstained altar of Trog.
  2072 | D:2      | Reached XP level 4. HP: 23/24 MP: 6/13
  2501 | D:2      | Found a faded altar of an unknown god.
  2506 | D:2      | Found a bloodstained altar of Trog.
  2745 | D:3      | Reached skill level 6 in Spellcasting
  3499 | D:3      | Reached XP level 5. HP: 28/28 MP: 14/16
  3786 | D:4      | Found Gioxuxag's Weapon Boutique.
  4531 | D:4      | Reached skill level 7 in Spellcasting
  4629 | D:4      | Noticed a black bear
  4630 | D:4      | Reached XP level 6. HP: 32/32 MP: 6/18
  5174 | D:5      | Entered Level 5 of the Dungeon
  5253 | D:5      | Reached skill level 8 in Spellcasting
  5659 | D:5      | Reached XP level 7. HP: 16/36 MP: 10/20
  5854 | D:5      | Learned a level 2 spell: Blink
  5856 | D:5      | Learned a level 1 spell: Slow
  5860 | D:5      | Learned a level 3 spell: Teleport Other
  6073 | D:5      | Learned a level 4 spell: Cause Fear
  6075 | D:5      | Found an iron altar of Okawaru.
  6422 | D:5      | Identified the +5 ring mail of Prudence {rCorr}
  7392 | D:6      | Noticed Eustachio
  7691 | D:5      | Reached skill level 9 in Spellcasting
  7691 | D:5      | Reached skill level 1 in Hexes
  7972 | D:6      | Reached XP level 8. HP: 42/42 MP: 20/23
  8900 | D:6      | Killed Eustachio
  8901 | D:6      | Reached skill level 10 in Spellcasting
  9258 | D:6      | Found a runed translucent door.
  9260 | D:6      | Noticed unlimited1921's ghost (novice DjFE)
  9479 | D:7      | Reached skill level 1 in Fighting
  9729 | D:7      | Found a staircase to the Ecumenical Temple.
  9814 | Temple   | Entered the Ecumenical Temple
  9955 | Temple   | Became a worshipper of Qazlal Stormbringer
 10616 | D:7      | Learned a level 3 spell: Conjure Flame
 10700 | D:6      | Learned a level 3 spell: Gell's Gravitas
 11551 | D:7      | Reached skill level 1 in Shields
 12115 | D:8      | Noticed Gastronok
 12208 | D:8      | Noticed a hornet
 12394 | D:7      | Reached skill level 11 in Spellcasting
 12711 | D:6      | Found a runed translucent door.
 12751 | D:6      | Killed unlimited1921's ghost
 12752 | D:6      | Reached skill level 5 in Conjurations
 12752 | D:6      | Reached skill level 1 in Fire Magic
 12752 | D:6      | Reached XP level 9. HP: 47/47 MP: 8/26
 12779 | D:6      | Learned a level 4 spell: Iskenderun's Mystic Blast
 12784 | D:6      | Learned a level 4 spell: Fulminant Prism
 12971 | D:7      | Found a staircase to the Ecumenical Temple.
 13079 | D:8      | Reached skill level 12 in Spellcasting
 13504 | D:8      | HP: 1/47 [something (11)]
 14742 | D:8      | Killed an unseen horror
 15118 | D:8      | Paralysed by a hornet for 3 turns
 15784 | D:7      | Found a staircase to the Ecumenical Temple.
 17124 | D:8      | Reached skill level 5 in Summonings
 17266 | D:8      | Reached skill level 13 in Spellcasting
 18191 | D:8      | Killed Gastronok
 18192 | D:8      | Reached XP level 10. HP: 52/52 MP: 10/29
 18635 | D:9      | Reached * piety under Qazlal
 18655 | D:9      | Reached skill level 14 in Spellcasting
 19555 | D:9      | Found a transporter.
 19738 | D:9      | Noticed a two-headed ogre
 19740 | D:9      | Noticed StoopidFlanders's ghost (novice TrWr)
 19742 | D:9      | Found a transporter.
 19742 | D:9      | Noticed a two-headed ogre
 19742 | D:9      | Noticed a two-headed ogre
 19742 | D:9      | Identified the +6 giant spiked club "Kisuob" {holy, Fly
                  | Will+ Str+3 Int-3}
 19742 | D:9      | Identified the +2 great mace of Doom {speed, rF+ Int+3
                  | Dex+5}
 19742 | D:9      | Noticed a two-headed ogre
 19742 | D:9      | Noticed a two-headed ogre
 20065 | D:9      | Found a shimmering altar of Xom.
 20066 | D:9      | Found the +7 mace of Variability {chain chaos}
 20117 | D:9      | Reached skill level 15 in Spellcasting
 20610 | D:9      | Noticed a manticore
 21082 | D:9      | Killed a manticore
 21264 | D:9      | Reached ** piety under Qazlal
 21799 | D:9      | Killed a two-headed ogre
 21800 | D:9      | Reached XP level 11. HP: 56/56 MP: 16/32
 21801 | D:9      | Killed a two-headed ogre
 21802 | D:9      | Reached skill level 5 in Hexes
 21808 | D:9      | Killed a two-headed ogre
 21809 | D:9      | Reached skill level 1 in Air Magic
 21816 | D:9      | Killed a two-headed ogre
 21817 | D:9      | Reached skill level 5 in Dodging
 21817 | D:9      | Reached skill level 1 in Poison Magic
 22037 | D:9      | Killed a two-headed ogre
 22427 | D:10     | Entered Level 10 of the Dungeon
 22506 | D:9      | Killed StoopidFlanders's ghost
 22507 | D:9      | Reached skill level 16 in Spellcasting
 22708 | D:10     | Noticed Grum
 22712 | D:10     | Noticed Snorg
 22719 | D:10     | Reached skill level 5 in Stealth
 22727 | D:10     | Killed Snorg
 22864 | D:10     | Noticed Psyche
 22886 | D:10     | Killed Psyche
 22924 | D:10     | Killed Grum
 22988 | D:10     | Noticed a two-headed ogre
 22992 | D:10     | Reached skill level 17 in Spellcasting
 23253 | D:10     | Killed a two-headed ogre
 23383 | D:10     | Reached skill level 5 in Translocations
 23764 | D:10     | Noticed Josephine
 23777 | D:10     | Killed Josephine
 23779 | D:10     | Noticed a deep elf pyromancer
 23784 | D:10     | Reached skill level 10 in Conjurations
 24029 | D:10     | Reached skill level 18 in Spellcasting
 24175 | D:10     | Reached XP level 12. HP: 56/61 MP: 14/36
 24424 | D:10     | Noticed a two-headed ogre
 24452 | D:10     | Killed a two-headed ogre
 24577 | D:10     | Reached skill level 1 in Armour
 25113 | D:11     | Found a gate leading to a gauntlet.
 25117 | D:11     | Noticed a five-headed hydra
 25130 | D:11     | Killed a five-headed hydra
 25287 | Gauntlet | Entered a Gauntlet
 25287 | Gauntlet | Found a transporter.
 25287 | Gauntlet | Found a transporter.
 25307 | Gauntlet | Found a transporter.
 25308 | Gauntlet | Found a transporter.
 25402 | Gauntlet | Identified the +0 cloak of Doavo {Rampage Str+3}
 25409 | Gauntlet | Reached skill level 19 in Spellcasting
 25554 | Gauntlet | Found a transporter.
 25557 | Gauntlet | Found a transporter.
 25561 | Gauntlet | Noticed a hell hog
 25599 | Gauntlet | Found a transporter.
 25602 | Gauntlet | Noticed a green death
 25603 | Gauntlet | Reached *** piety under Qazlal
 25626 | Gauntlet | Killed from afar by a hell hog

Illustrated notes

Levels and vault maps discovered:
D:1:      psy_arrival_statuary, layout_rooms
D:2:      layout_loops_ring, basic_altar, serial_rivers,
          chequers_serial_rivers_micro_c, chequers_serial_rivers_micro_e,
          chequers_serial_rivers_large_b, chequers_serial_rivers_marsh,
          ebering_ecumenical_altar_sacrificial
D:3:      layout_basic
D:4:      layout_basic, serial_shops, nicolae_shop_competitors_out_of_business,
          minmay_cupped
D:5:      layout_layer_cave, okawaru_trees_2
D:6:      layout_basic, ebering_ghost_inner_flame, uniq_eustachio
D:7:      layout_cave_pods, minmay_temple_entry_drinking_statues,
          nrook_mini_vaults
D:8:      layout_loops_ring, serial_co_window_serial, co_window_corner_a,
          co_window_paths_a, co_window_corner_a, co_window_paths_b,
          co_window_paths_a, co_window_broadway_b, co_window_of_opportunity_c,
          co_window_corner_cb, co_window_paths_e, uniq_gastronok
D:9:      lemuel_slime, layout_basic, gammafunk_ghost_smash,
          minmay_guarded_unrand_variability
D:10:     layout_gridville, kennysheep_generic_room_16, uniq_psyche, uniq_snorg,
          uniq_josephine, uniq_grum
D:11:     layout_cave_pods, david_lair_generic, gauntlet_entry_generic,
          uniq_nergalle
Temple:   roderic_octagonal_lattice_temple
Gauntlet: gammafunk_gauntlet_hard_choice [gammafunk_gauntlet_arena_chambers,
          nicolae_gauntlet_arena_quarters, nicolae_gauntlet_arena_blocks,
          gammafunk_gauntlet_arena_corners, gammafunk_gauntlet_arena_teeth,
          gammafunk_gauntlet_arena_hedges,
          nicolae_gauntlet_exit_dead_adventurers]

Skill      XL: |  1  2  3  4  5  6  7  8  9 10 11 12 |
---------------+-------------------------------------+-----
Spellcasting   | 5 6 7 8 9 11 13 15 18 19 | 19.1
Conjurations   | 2 3 5 7 8 10 | 10.9
Stealth        | 3 4 5 |  5.0
Dodging        | 3 4 5 |  5.2
Summonings     | 2 3 4 5 6 |  6.1
Hexes          | 1 3 4 5 7 |  7.3
Fighting       | 1 |  1.5
Shields        | 1 2 |  2.3
Fire Magic     | 1 2 |  2.5
Translocations | 2 3 5 |  5.7
Air Magic      | 1 |  1.2
Poison Magic   | 1 |  1.8
Armour         | 2 |  2.1
Short Blades   | |  0.2
Evocations     | |  0.3

Action                   |  1- 3 |  4- 6 |  7- 9 | 10-12 || total
-------------------------+-------+-------+-------+-------++-------
Melee: Dagger            |    21 |     7 |       |    20 ||    48
       Staff             |       |     1 |    15 |     2 ||    18
       Punch             |       |       |       |     1 ||     1
 Cast: Magic Dart        |    86 |   105 |   319 |   130 ||   640
       Slow              |     3 |       |    17 |    14 ||    34
       Call Imp          |    15 |    19 |    62 |    20 ||   116
       Mephitic Cloud    |       |     3 |    11 |    13 ||    27
       Cause Fear        |       |       |     3 |       ||     3
       Conjure Flame     |       |       |    48 |    19 ||    67
       Gell's Gravitas   |       |       |     1 |    14 ||    15
       Teleport Other    |       |       |     1 |       ||     1
       Iskenderun's Myst |       |       |    26 |    98 ||   124
       Fulminant Prism   |       |       |    17 |    72 ||    89
       Blink             |       |       |       |     2 ||     2
Evoke: Wand              |       |       |     3 |       ||     3
  Use: Scroll            |     1 |     3 |     5 |     5 ||    14
       Potion            |       |     1 |     8 |     5 ||    14
 Stab: Confused          |       |       |     3 |       ||     3
Armor: Robe              |    14 |    17 |    26 |    17 ||    74
       Troll leather arm |       |       |       |     5 ||     5
Dodge: Dodged            |    34 |    31 |    74 |    44 ||   183
Block: Other             |       |       |    29 |    30 ||    59
       Reflection        |       |       |     2 |       ||     2
